 Dungeon Crawl Stone Soup version 0.24-a0-264-gf46a388 (webtiles) character file.

Game seed: 10664063156002905653

326 Hasart the Cutter (level 6, -2/37 HPs)
             Began as a Kobold Gladiator on Apr 20, 2019.
             Slain by a wight
             ... wielding a +2 falchion
              (4 damage)
             ... on level 4 of the Dungeon.
             The game lasted 00:06:38 (3366 turns).

Hasart the Cutter (Kobold Gladiator)                Turns: 3366, Time: 00:06:39

Health: -2/37      AC:  4    Str: 13    XL:     6   Next: 78%
Magic:  6/6        EV: 15    Int:  9    God:
Gold:   91         SH:  0    Dex: 21    Spells: 5/5 levels left

rFire    . . .     SeeInvis .   i - +3 long sword
rCold    . . .     Gourm    .   (shield restricted)
rNeg     . . .     Faith    .   b - +0 leather armour
rPois    .         Spirit   .   c - +0 helmet
rElec    .         Reflect  .   (no cloak)
rCorr    .         Harm     .   (no gloves)
MR       .....                  (no boots)
Stlth    ++........             (no amulet)
HPRegen  0.12/turn              n - +4 ring of dexterity
MPRegen  0.10/turn              (no ring)

@: heavily drained
A: small, carnivore
a: no special abilities


You were on level 4 of the Dungeon.
You were very full.

You visited 1 branch of the dungeon, and saw 4 of its levels.

You collected 91 gold pieces.

Inventory:

Hand Weapons
 a - a +0 rapier
 i - a +3 long sword (weapon)
Missiles
 d - 3 throwing nets (quivered)
 k - 6 curare-tipped needles
Armour
 b - a +0 leather armour (worn)
 c - a +0 helmet (worn)
Jewellery
 n - a +4 ring of dexterity (left hand)
Scrolls
 g - 2 scrolls of fog {unknown}
 h - a scroll of immolation {unknown}
 j - 3 scrolls of identify {unknown}
 m - a scroll of amnesia {unknown}
Potions
 e - a potion of degeneration {unknown}
 o - a potion of brilliance {unknown}
 p - a potion of agility {unknown}
 q - a potion of might {unknown}
Comestibles
 f - 7 rations


   Skills:
 + Level 3.5(1.5) Fighting
 * Level 6.3(4.2) Short Blades
 + Level 0.3(0.5) Long Blades
 - Level 2.1(0.3) Throwing
 + Level 1.8(0.0) Armour
 + Level 4.7(2.7) Dodging
 + Level 3.3(1.3) Stealth


You had 5 spell levels left.
You didn't know any spells.
Your spell library contained the following spells:

 Spells                   Type           Power        Failure   Level  Hunger
 Animate Skeleton         Necr           N/A          45%         1    ##.....
 Apportation              Tloc           #.....       45%         1    ##.....
 Confusing Touch          Hex            #.....       45%         1    ##.....
 Magic Dart               Conj           #...         45%         1    ##.....
 Summon Small Mammal      Summ           #...         45%         1    ##.....
 Searing Ray              Conj           #.....       61%         2    ###....
 Dazzling Spray           Conj/Hex       #.....       83%         3    ####...
 Force Lance              Conj/Tloc      #.......     99%         4    #####..
 Fulminant Prism          Conj/Hex       #.........   99%         4    #####..
 Iskenderun's Mystic Bla  Conj           #.......     99%         4    #####..


Dungeon Overview and Level Annotations

Branches:
Dungeon (4/15)
 Temple: D:4-7

Altars:
Gozag
Nemelex Xobeh
Sif Muna
Xom

Annotations:
D:4 1 runed translucent door, Crazy Yiuf


Innate Abilities, Weirdness & Mutations

You are small and have problems with some larger weapons.
You are carnivorous and can eat meat at any time.


Message History

The wight closely misses you.
You riposte.
You hit the wight.
You destroy the wight!
The wight closely misses you.
You closely miss the wight. The wight hits you with a +2 falchion.
You feel drained.
You hit the wight but do no damage. The wight hits you with a +2 falchion!
* * * LOW HITPOINT WARNING * * *
The wight hits you with a +2 falchion.
* * * LOW HITPOINT WARNING * * *
You feel drained.
* * * LOW HITPOINT WARNING * * *
You hit the wight.
The wight is lightly damaged.
The wight hits you with a +2 falchion.
* * * LOW HITPOINT WARNING * * *
You feel drained.
You closely miss the wight.
The wight is lightly damaged.
The wight hits you with a +2 falchion.
You die...

###..# #..).................... #
#..# #.......................
###..# #.......................
..'..# #.......................
###..# #....................... #
#.## #........?..............
###.# #.......................
....# #.......................
..########.....z@................
..#.....##.....).................
..#.....##.......................
........##.......................
..#.....##....[..................
###.....##..........>............
#.....##.......................
#[....##...>...................
##.#### ...>...............


You could see a wight.

Vanquished Creatures
  A howler monkey (D:3)
  3 wights
  Robin (D:3)
  A gnoll (D:1)
  6 adders
  An ooze (D:1)
  An adder skeleton (D:4)
  2 worms
  A dart slug (D:1)
  3 orcs (D:4)
  A ball python (D:3)
  5 bats
  5 giant cockroaches
  12 hobgoblins
  3 jackals (D:2)
  3 quokkas
  4 frilled lizards
  14 goblins
  5 kobolds
  3 rats
75 creatures vanquished.

Notes
Turn   | Place    | Note
-------+----------+-------------------------------------------
     0 | D:1      | Hasart the Kobold Gladiator began the quest for the Orb.
     0 | D:1      | Reached XP level 1. HP: 12/12 MP: 1/1
    45 | D:1      | Reached XP level 2. HP: 17/17 MP: 2/2
   167 | D:1      | Reached skill level 1 in Stealth
   339 | D:1      | Reached XP level 3. HP: 17/22 MP: 3/3
   645 | D:1      | Found a shimmering altar of Xom.
  1109 | D:2      | Noticed an orc warrior
  1230 | D:2      | Found a sparkling altar of Nemelex Xobeh.
  1276 | D:2      | Reached XP level 4. HP: 25/27 MP: 4/4
  1299 | D:2      | Reached skill level 5 in Short Blades
  1299 | D:2      | Reached skill level 1 in Armour
  1825 | D:3      | Noticed Robin
  1836 | D:3      | Reached XP level 5. HP: 29/32 MP: 5/5
  1859 | D:3      | Killed Robin
  1929 | D:3      | Found an opulent altar of Gozag.
  2161 | D:3      | You fall through a shaft!
  2287 | D:4      | Found a deep blue altar of Sif Muna.
  2512 | D:4      | Found a runed translucent door.
  2513 | D:4      | Noticed Crazy Yiuf
  2593 | D:4      | Reached XP level 6. HP: 37/37 MP: 6/6
  3026 | D:3      | Reached skill level 6 in Short Blades
  3366 | D:4      | Slain by a wight

Levels and vault maps discovered:
D:1:      psy_arrival_terrarium, layout_basic, xom_teletrap_fun
D:2:      layout_loops_ring, nemelex_xobeh_ov_fountains_minmay
D:3:      layout_basic, old_standard_altar, uniq_robin
D:4:      layout_basic, lemuel_doored_altar, first_ration,
          uniq_crazy_yiuf_cottage

Skill      XL: |  1  2  3  4  5  6 |
---------------+-------------------+-----
Stealth        | 1 2 3 |  3.3
Dodging        | 4 |  4.7
Short Blades   | 5 6 |  6.3
Armour         | 1 |  1.8
Fighting       | 3 |  3.5
Long Blades    | |  0.3
Throwing       | |  2.1

Action                   |  1- 3 |  4- 6 || total
-------------------------+-------+-------++-------
Melee: Rapier            |    96 |   151 ||   247
       Long sword        |       |    11 ||    11
  Use: Potion            |       |     3 ||     3
 Stab: Sleeping          |     3 |     4 ||     7
       Invisible         |       |     1 ||     1
  Eat: Chunk             |    10 |     5 ||    15
Armor: Leather armour    |    22 |    25 ||    47
Dodge: Dodged            |    54 |   106 ||   160
       Rpst.: Long sword |       |     4 ||     4

Table legend:
 A = Non-vault XP
 B = Vault XP
 C = Vault XP percentage of total XP
 D = Non-vault monster count
 E = Vault monster count
 F = Vault count percentage of total count
                 A         B        C        D         E       F
            +---------+---------+-------+---------+---------+-------
      Total |     428 |      38 |   8.2 |      62 |      13 |  17.3
            +---------+---------+-------+---------+---------+-------
        D:1 |      59 |       0 |   0.0 |      24 |       0 |   0.0
        D:2 |      43 |       0 |   0.0 |      18 |       0 |   0.0
        D:3 |     164 |      38 |  18.8 |      10 |      13 |  56.5
        D:4 |     162 |       0 |   0.0 |      10 |       0 |   0.0
            +---------+---------+-------+---------+---------+-------
